 Dungeon Crawl Stone Soup version 0.31.0-12-g77e489cdc1 (webtiles) character file.

Game seed: 15605520561097961892

964 Gadfly the Trooper (level 8, -1/48 HPs)
             Began as a Gargoyle Fighter on Mar 7, 2024.
             Was a Priest of Elyvilon.
             Splashed by a jelly's acid (4 damage)
             ... on level 5 of the Dungeon.
             The game lasted 00:07:37 (3401 turns).

Gadfly the Trooper (Gargoyle Fighter)               Turns: 3401, Time: 00:07:37

Health: -1/48      AC: -5    Str: 20    XL:     8   Next: 15%
Magic:  11/11      EV: 12    Int:  9    God:    Elyvilon [***...]
Gold:   226        SH:  5    Dex: 11    Spells: 4/7 levels left

rFire   . . .        a - +1 flail
rCold   . . .        c - +0 buckler
rNeg    + . .        n - +0 chain mail
rPois   ∞            p - +0 helmet
rElec   +            (no cloak)
rCorr   .            e - +1 pair of gloves
SInv    .            (no boots)
Will    .....        k - amulet of regeneration Stlth
                     m - +5 ring of evasion
HPRegen 1.08/turn    (no ring)
MPRegen 0.12/turn

%: no passive effects
@: corroded
A: sickness immunity, AC +5, negative energy resistance 1, electricity
resistance, torment resistance 1, petrification resistance
a: Renounce Religion, Purification, Heal Other, Heal Self


You were on level 5 of the Dungeon.
You worshipped Elyvilon.
Elyvilon was most pleased with you.
You visited 1 branch of the dungeon, and saw 5 of its levels.

You collected 226 gold pieces.

Inventory:

Hand Weapons
 a - a +1 flail (weapon)
Armour
 c - a +0 buckler (worn)
 e - a +1 pair of gloves (worn)
 n - a +0 chain mail (worn)
 p - a +0 helmet (worn)
Jewellery
 k - an amulet of regeneration (around neck)
 m - a +5 ring of evasion (left hand)
Scrolls
 o - a scroll of teleportation
Potions
 b - a potion of attraction
 d - a potion of might
 f - 2 potions of heal wounds
 g - a potion of berserk rage {unknown}
 h - 4 potions of curing
 i - a potion of brilliance {unknown}
 j - 2 potions of cancellation
 l - a potion of ambrosia {unknown}


   Skills:
 + Level 4.6 Fighting
 * Level 4.6 Maces & Flails
 + Level 4.6 Armour
 + Level 4.6 Shields
 * Level 4.4 Invocations
 * Level 3.7 Evocations


You had 4 spell levels left.
You knew the following spells:

 Your Spells              Type           Power      Damage    Failure   Level
a - Passwall              Erth           0%         N/A       100%        3

Your spell library contained the following spells:

 Spells                   Type           Power      Damage    Failure   Level
 Sandblast                Erth           0%         2d4       98%         1
 Stone Arrow              Conj/Erth      0%         3d7       100%        3
 Brom's Barrelling Bould  Conj/Erth      0%         2d3       100%        4


Dungeon Overview and Level Annotations

Branches:
Dungeon (5/15)
 Temple: D:4-7

Altars:
Elyvilon
Makhleb

Shops:
D:4 [


Innate Abilities, Weirdness & Mutations

You are immune to sickness and miasma.
Your stone body is resilient. (AC +5)
You are immune to poison.
You resist negative energy. (rN+)
You are resistant to electric shocks. (rElec)
You are resistant to unholy torment.
You are immune to petrification.


Message History

The jelly hits you but does no damage. You block the jelly's attack.
You hit the jelly but do no damage.
Your hands burn!
The jelly is moderately wounded.
The jelly misses you.
You hit the jelly but do no damage.
Your hands burn!
The jelly is moderately wounded.
The jelly barely misses you.
You sock the jelly!
Your hands burn!
The jelly is moderately wounded.
The jelly hits you.
You are splashed with acid!
You are too injured to fight recklessly!
You are too injured to fight recklessly!
You are too injured to fight recklessly!
You are too injured to fight recklessly!
You are too injured to fight recklessly!
You are too injured to fight recklessly!
You are too injured to fight recklessly!
You are too injured to fight recklessly!
You are too injured to fight recklessly!
You are too injured to fight recklessly!
You are too injured to fight recklessly!
You are too injured to fight recklessly!
You are too injured to fight recklessly!
You are too injured to fight recklessly!
You are too injured to fight recklessly!
You are too injured to fight recklessly!
You are too injured to fight recklessly!
You are too injured to fight recklessly!
You are too injured to fight recklessly!
You hit the jelly but do no damage. The acid corrodes you!
Your hands burn!
The jelly is moderately wounded.
The jelly hits you.
You are splashed with acid!
* * * LOW HITPOINT WARNING * * *
The jelly barely misses you.
You barely miss the jelly.
The jelly is moderately wounded.
The jelly hits you.
* * * LOW HITPOINT WARNING * * *
The acid corrodes you!
You are splashed with acid.
You die...

...
#.................
...
#..................
...
#...................
#+#
#...................
######.##.........#
...........#
#...!.....#
#.J†......+
#..@......#
#.........#
#.....########
#[.... #..... +.....
###... #...


You could see a jelly.

Vanquished Creatures
  A black bear (D:4)
  2 ogres (D:4)
  2 phantoms (D:5)
  3 scorpions
  A bombardier beetle (D:5)
  A jelly (D:3)
  A gnoll bouda (D:3)
  An iguana (D:4)
  An orc wizard (D:3)
  Robin (D:4)
  9 gnolls
  3 adders
  2 dart slugs
  2 ribbon worms
  3 orcs (D:3)
  8 endoplasms
  A giant cockroach (D:4)
  13 goblins
  15 hobgoblins
  8 jackals
  A quokka (D:3)
  8 ball pythons
  6 bats
  4 frilled lizards
  5 kobolds
  5 rats
107 creatures vanquished.

Vanquished Creatures (others)
  A goblin (D:4)
1 creature vanquished.

Grand Total: 108 creatures vanquished

Notes
Turn   | Place    | Note
-------+----------+-------------------------------------------
     0 | D:1      | Gadfly the Gargoyle Fighter began the quest for the Orb.
     0 | D:1      | Reached XP level 1. HP: 14/14 MP: 1/1
    97 | D:1      | Reached XP level 2. HP: 19/19 MP: 2/2
   308 | D:1      | Reached skill level 1 in Invocations
   318 | D:1      | Reached XP level 3. HP: 23/23 MP: 3/3
   375 | D:1      | Reached skill level 1 in Evocations
   891 | D:2      | HP: 1/23 [gnoll/+0 flail (6)]
   904 | D:2      | Reached XP level 4. HP: 12/28 MP: 3/5
   971 | D:2      | Found a white marble altar of Elyvilon.
   987 | D:2      | Became a worshipper of Elyvilon the Healer
  1613 | D:3      | Reached * piety under Elyvilon
  1724 | D:3      | Reached XP level 5. HP: 33/33 MP: 6/6
  2181 | D:3      | Reached ** piety under Elyvilon
  2371 | D:3      | Learned a level 3 spell: Passwall
  2474 | D:3      | Reached XP level 6. HP: 32/38 MP: 7/7
  2514 | D:4      | HP: 1/38 [gnoll/+0 halberd[a gnoll bouda] (13)]
  2515 | D:4      | Elyvilon protects you from harm!
  2690 | D:4      | Noticed a black bear
  2698 | D:4      | Killed a black bear
  2749 | D:4      | Reached XP level 7. HP: 37/43 MP: 9/9
  2858 | D:4      | Found a burning altar of Makhleb.
  2870 | D:4      | Noticed Robin
  2909 | D:4      | Killed Robin
  3128 | D:4      | Found Wada's Dragon-Slaying Spoils.
  3278 | D:5      | Entered Level 5 of the Dungeon
  3348 | D:5      | Reached *** piety under Elyvilon
  3382 | D:5      | Reached XP level 8. HP: 46/48 MP: 11/11
  3401 | D:5      | Splashed by a jelly's acid

Illustrated notes

Levels and vault maps discovered:
D:1:      dpeg_arrival_simpleton_a, layout_basic
D:2:      layout_basic, basic_altar, palyth_stone_intersect
D:3:      layout_loops_cross, chequers_jeans, corexii_shack, kennysheep_donut,
          skrybe_limestone_x
D:4:      layout_rooms, mainiacjoe_overflow_24_doors, nicolae_shop_dragon_depot,
          feat_on_display, uniq_robin
D:5:      layout_gridville, mainiacjoe_overflow_concentric_impassable,
          corexii_hall_statues_deadend, minmay_lizard_king, uniq_grinder

Skill      XL: |  1  2  3  4  5  6  7 |
---------------+----------------------+-----
Invocations    | 1 2 3 4 |  4.4
Evocations     | 1 2 3 |  3.7
Maces & Flails | 3 4 |  4.6
Fighting       | 4 |  4.6
Armour         | 4 |  4.6
Shields        | 4 |  4.6

Action                     |  1- 3 |  4- 6 |  7- 9 || total
---------------------------+-------+-------+-------++-------
  Melee: Flail             |   104 |   155 |   173 ||   432
    Use: Scroll            |     5 |     3 |     3 ||    11
         Potion            |     2 |     4 |       ||     6
 Armour: Scale mail        |    64 |   143 |       ||   207
         Chain mail        |       |    20 |   109 ||   129
  Dodge: Dodged            |    60 |   111 |   108 ||   279
  Block: Buckler           |    22 |    40 |    43 ||   105
